 Dungeon Crawl Stone Soup version 0.28.0 (webtiles) character file.

Game seed: 17579333010855025737

185 a3don the Chopper (level 5, -3/48 HPs)
             Began as a Minotaur Berserker on Feb 7, 2022.
             Was a Believer of Trog.
             Slain by an orc (6 damage)
             ... on level 3 of the Dungeon.
             The game lasted 00:02:39 (2240 turns).

a3don the Chopper (Minotaur Berserker)              Turns: 2240, Time: 00:02:40

Health: -3/48      AC:  5    Str: 24    XL:     5   Next: 37%
Magic:  4/4        EV: 12    Int:  4    God:    Trog [**....]
Gold:   100        SH:  0    Dex:  9    Spells: 4/4 levels left

rFire   . . .      SeeInvis .   a - +0 hand axe
rCold   . . .      Faith    .   (no shield)
rNeg    . . .      Spirit   .   b - +0 animal skin
rPois   .          Reflect  .   (helmet restricted)
rElec   .          Harm     .   (no cloak)
rCorr   .          Rampage  .   j - +2 pair of gloves
Will    .....                   (no boots)
Stlth   +.........              k - amulet of regeneration
HPRegen 0.96/turn               (no ring)
MPRegen 0.09/turn               (no ring)

@: no status effects
A: horns 2, retaliatory headbutt
a: Renounce Religion, Berserk, Trog's Hand


You were on level 3 of the Dungeon.
You worshipped Trog.
Trog was pleased with you.
You visited 1 branch of the dungeon, and saw 3 of its levels.

You collected 100 gold pieces.

Inventory:

Hand Weapons
 a - a +0 hand axe (weapon)
Armour
 b - a +0 animal skin (worn)
 j - a +2 pair of gloves (worn)
Jewellery
 f - an amulet of the acrobat
 k - an amulet of regeneration (around neck)
Scrolls
 d - a scroll of enchant weapon {unknown}
 g - a scroll of noise {unknown}
 h - a scroll of vulnerability {unknown}
 l - a scroll of blinking {unknown}
Potions
 c - a potion of curing {unknown}
 e - a potion of ambrosia {unknown}
 i - a potion of haste {unknown}
 m - 2 potions of magic {unknown}


   Skills:
 + Level 5.0 Fighting
 + Level 5.5 Axes
 + Level 2.6 Armour
 + Level 3.0 Dodging
 + Level 1.1 Stealth


You had 4 spell levels left.
You didn't know any spells.
Your spell library was empty.

Dungeon Overview and Level Annotations

Branches:
Dungeon (3/15)

Altars:


Innate Abilities, Weirdness & Mutations

You have a pair of horns on your head.
You reflexively headbutt those who attack you in melee.


Message History

The orc is almost dead.
You barely miss the rat. The rat barely misses you. You furiously retaliate!
You headbutt the rat!
You kill the rat!
Trog accepts your kill. The orc closely misses you.
The orc hits you but does no damage.
You barely miss the orc.
The orc is almost dead.
You hit the orc but do no damage. The orc misses you.
The orc hits you from afar with a +0 trident!
* * * LOW HITPOINT WARNING * * *
The orc closely misses you.
Unknown command.
You barely miss the orc. Your headbutt misses the orc.
You punch the orc, but do no damage.
The orc is almost dead.
You hit the orc. The orc misses you. The orc hits you but does no damage.
The orc hits you with a +0 club.
* * * LOW HITPOINT WARNING * * *
You hit the orc but do no damage.
The orc is almost dead.
You hit the orc.
You kill the orc!
Trog accepts your kill. The orc misses you. The orc barely misses you.
You furiously retaliate!
You headbutt the orc!
You kill the orc!
Trog accepts your kill. The orc hits you but does no damage.
Items here: ( )) [ †.
The orc hits you with a +0 trident!
* * * LOW HITPOINT WARNING * * *
You closely miss the orc. The orc barely misses you.
You hit the orc but do no damage. The orc closely misses you.
You hit the orc.
The orc is heavily wounded.
The orc hits you with a +0 trident.
* * * LOW HITPOINT WARNING * * *
The orc hits you with a +0 trident.
You die...

.# ##### #.. #.... #.#
#.# #.... #<# #.##
#....######+#.# #.#.
#....o))..?..)# ##...
#....@))......# #....
#...♣♣)♣......####....
#.. ♣.♣♣####.........
... .♣♣ #..........
... ♣. ###........ ..
♣. #........ . ♣.
#.....##. ♣♣ #.....##.
#######♣♣


You could see an orc.

Vanquished Creatures
  Natasha (thrice) (D:2)
  An orc wizard (D:3)
  4 adders (D:2)
  7 orcs (D:3)
  2 ball pythons (D:2)
  An endoplasm (D:2)
  3 giant cockroaches
  3 goblins
  3 hobgoblins
  3 jackals (D:1)
  2 kobolds (D:2)
  2 quokkas (D:2)
  3 bats
  A frilled lizard (D:1)
  5 rats
43 creatures vanquished.

Notes
Turn   | Place    | Note
-------+----------+-------------------------------------------
     0 | D:1      | a3don the Minotaur Berserker began the quest for the Orb.
     0 | D:1      | Reached XP level 1. HP: 19/19 MP: 0/0
   309 | D:1      | Reached XP level 2. HP: 17/27 MP: 1/1
   473 | D:1      | Found a faded altar of an unknown god.
  1147 | D:2      | Noticed Natasha
  1155 | D:2      | Killed Natasha
  1156 | D:2      | Reached XP level 3. HP: 34/34 MP: 2/2
  1306 | D:2      | Noticed Natasha
  1316 | D:2      | Killed Natasha
  1317 | D:2      | Reached XP level 4. HP: 28/41 MP: 3/3
  1743 | D:2      | Reached skill level 5 in Axes
  2020 | D:2      | Noticed Natasha
  2028 | D:2      | Killed Natasha
  2029 | D:2      | Reached skill level 1 in Stealth
  2029 | D:2      | Reached XP level 5. HP: 38/47 MP: 4/4
  2029 | D:2      | Reached ** piety under Trog
  2225 | D:3      | Reached skill level 5 in Fighting
  2240 | D:3      | Slain by an orc

Illustrated notes

Levels and vault maps discovered:
D:1:      dpeg_arrival_simpleton_c, layout_rooms,
          shapermc_ecumenical_altar_mp_vishouse, patterned_corridor
D:2:      layout_basic, uniq_natasha
D:3:      layout_basic, riverfiend_overflow_shadow_ancestor, serial_forest,
          infiniplex_forest_straight_5, infiniplex_forest_zigzag_1,
          infiniplex_forest_straight_2, infiniplex_forest_straight_3,
          infiniplex_forest_straight_5, infiniplex_forest_straight_1,
          infiniplex_forest_end_3, uniq_jessica, uniq_sigmund

Skill      XL: |  1  2  3  4  5 |
---------------+----------------+-----
Axes           | 4 5 |  5.5
Fighting       | 4 5 |  5.0
Stealth        | 1 |  1.1
Dodging        | 3 |  3.0
Armour         | |  2.6

Action                   |  1- 3 |  4- 6 || total
-------------------------+-------+-------++-------
Melee: Hand axe          |    60 |    51 ||   111
       Headbutt          |     5 |     4 ||     9
       Punch             |       |     1 ||     1
Invok: Berserk           |     1 |       ||     1
 Stab: Sleeping          |       |     1 ||     1
Armor: Animal skin       |    13 |    16 ||    29
Dodge: Dodged            |    33 |    36 ||    69
